Map: Undercurrent LE

Players

carasol - Winner!

  • Race: Protoss Protoss
  • League: Diamond
  • Spawn Location: 1:00

IIIIIIIIIIII - Winner!

  • Race: Protoss Protoss
  • League: Diamond
  • Spawn Location: 3:00

Ekelpack

  • Race: Zerg Zerg
  • Spawn Location: 7:00

Nyck

  • Race: Terran Terran
  • Spawn Location: 7:00

VOD

Have the link to the VOD?

Description

Time

  • Played on: April 15, 2025, 1:17 p.m.
  • Length: 5:33
Show
View Real Time Build Order
Export as new Build Order

carasol Protoss - Winner!

Build Orders:  

Get SALT Encoding   

  12  0:00  Probe  
  13  0:12  Probe  
  14  0:28  Pylon, Probe  
  15  0:46  Probe  
  16  0:51  Gateway  
  16  0:56  Assimilator  
  16  0:59  Assimilator, Probe  
  17  1:11  Probe  
  18  1:15  Pylon  
  18  1:23  Probe  
  19  1:35  Probe  
  20  1:41  Cybernetics Core  
  20  1:47  Warp Gate, Probe  
  21  1:59  Pylon  
  21  2:05  Gateway  
  21  2:06  Gateway, Probe  
  22  2:18  Probe  
  23  2:27  Pylon  
  23  2:34  Gateway  
  23  2:47  Forge  
  23  3:02  Pylon  
  23  3:03  Pylon  
  23  3:08  Shield Battery  
  22  3:30  Probe  
  23  3:39  Sentry  
  23  3:41  Stalker x3  
  29  4:06  Stalker  
  29  4:07  Stalker x2  
  34  4:29  Adept x2  
  34  4:30  Adept  
  38  4:34  Adept  
  28  4:55  Adept x2  
  28  4:56  Adept  
  34  5:17  Adept x2  
  34  5:20  Adept  
Show
View Real Time Build Order
Export as new Build Order

IIIIIIIIIIII Protoss - Winner!

Build Orders: Dark Templar Rush 

Get SALT Encoding   

  12  0:00  Probe  
  13  0:13  Probe  
  14  0:19  Pylon  
  14  0:30  Probe  
  15  0:43  Assimilator  
  15  0:45  Probe, Gateway  
  16  1:03  Probe  
  17  1:11  Probe  
  18  1:20  Probe  
  18  1:23  Assimilator  
  19  1:31  Probe  
  20  1:36  Cybernetics Core  
  20  1:39  Probe  
  20  1:42  Gateway  
  21  1:47  Probe  
  21  1:51  Pylon  
  22  1:57  Warp Gate  
  22  1:58  Probe  
  23  2:05  Pylon  
  23  2:14  Twilight Council  
  23  2:26  Gateway  
  23  2:33  Adept  
  25  2:52  Dark Shrine  
  25  2:57  Gateway  
  25  3:08  Adept  
  27  3:15  Pylon  
  26  4:07  Dark Templar x4  
  34  4:20  Probe  
  35  4:49  Dark Templar  
  35  4:51  Zealot x2  
  35  4:52  Zealot  
  41  5:11  Probe  
  41  5:13  Stalker x3  
Show
View Real Time Build Order
Export as new Build Order

Ekelpack Zerg 

Build Orders: Hatch First 

Get SALT Encoding   

  12  0:00  Drone  
  13  0:12  Overlord  
  13  0:16  Drone  
  14  0:30  Drone x2  
  16  0:36  Drone  
  17  0:52  Hatchery  
  17  0:55  Drone  
  17  0:58  Extractor  
  17  0:59  Drone  
  17  1:14  Spawning Pool  
  16  1:23  Drone x2  
  18  1:34  Drone  
  20  1:40  Drone  
  20  1:51  Overlord  
  20  2:01  Queen, Metabolic Boost  
  22  2:04  Drone  
  22  2:07  Drone  
  24  2:11  Drone  
  24  2:14  Drone  
  26  2:21  Drone  
  27  2:25  Drone  
  28  2:32  Queen  
  28  2:33  Drone  
  31  2:37  Lair  
  31  2:40  Drone  
  32  2:44  Drone  
  32  2:47  Extractor  
  32  2:49  Drone  
  33  2:53  Drone  
  33  2:57  Drone  
  35  3:05  Zergling x2  
  36  3:16  Overlord  
  36  3:33  Overlord  
  36  3:36  Spire  
  36  3:37  Drone x3  
  36  3:40  Extractor  
  37  3:43  Drone x2  
  37  3:44  Zergling x2  
  37  3:45  Zergling x4  
  42  4:04  Zergling x2  
  42  4:05  Zergling x8  
  46  4:15  Zergling x2  
  46  4:16  Zergling x8  
  43  4:42  Overseer x3  
  34  4:49  Zergling x6  
  34  4:50  Zergling x6  
  30  5:23  Extractor  
Show
View Real Time Build Order
Export as new Build Order

Nyck Terran 

Build Orders:  

Get SALT Encoding   

  12  0:00  SCV  
  13  0:12  SCV  
  14  0:18  Supply Depot  
  14  0:24  SCV  
  15  0:39  SCV  
  15  0:42  Barracks  
  16  0:46  Refinery  
  16  0:52  SCV  
  17  1:04  SCV  
  18  1:16  Barracks  
  18  1:23  Supply Depot  
  18  1:25  SCV  
  19  1:29  Reaper  
  20  1:34  Refinery  
  20  1:40  Orbital Command  
  20  2:03  Reaper  
  20  2:06  Reaper  
  20  2:07  SCV  
  23  2:26  Command Center  
  23  2:28  SCV  
  24  2:36  Barracks Tech Lab  
  24  2:38  Barracks Reactor  
  24  2:43  SCV  
  25  2:50  Factory  
  25  2:58  Combat Shield  
  25  3:02  SCV  
  26  3:14  SCV  
  26  3:31  SCV  
  27  3:40  Orbital Command  
  27  3:42  Marine x3  
  28  4:05  SCV x2  
  28  4:12  Marine x2, Marauder  
  31  4:17  SCV  
  31  4:18  SCV  
  33  4:25  Factory Tech Lab  
  33  4:27  Supply Depot  
  33  4:33  Marauder  
  34  4:39  SCV x2  
  34  4:40  Marine  
  34  4:41  Marine  
  31  5:00  Marine x2, Marauder  
Tags
 
Add a new tag
Caveats
  • Supply blocks, unpowered buildings, or Contaminate may cause inaccurate times.
  • Supply counts are checked every 10 seconds.